 Dungeon Crawl Stone Soup version 0.17.2-1-ge4368a0 (webtiles) character file.

9882 Khazaran the Thaumaturge (level 11, -8/68 HPs)
             Began as a Mummy Wizard on Oct 25, 2017.
             Was a Priest of Sif Muna.
             Mangled by a griffon (13 damage)
             ... on level 10 of the Dungeon.
             The game lasted 00:32:42 (15554 turns).

Khazaran the Thaumaturge (Mummy Wizard)            Turns: 15554, Time: 00:32:42

Health: -8/68      AC:  8    Str: 13    XL:     11   Next: 28%
Magic:  0/23       EV: 12    Int: 21    God:    Sif Muna [***...]
Gold:   782        SH:  0    Dex: 11    Spells: 10 memorised, 0 levels left

rFire  x . .     SeeInvis .     a - +2 short sword (elec)
rCold  + + .     Clarity  .     m - +2 robe {rC+}
rNeg   + + +     SustAt   .     (no shield)
rPois  ∞         Gourm    .     t - +0 helmet
rElec  .         Spirit   .     w - +0 cloak
rCorr  .         Warding  .     j - +1 pair of gloves
rMut   .         Stasis   .     (no boots)
MR     +....                    (no amulet)
Stlth  ++........               f - +3 ring of strength
                                d - ring of wizardry

@: very slightly contaminated, repel missiles, somewhat resistant to hostile
enchantments, unstealthy
A: no food or potions, fire vulnerability, cold resistance 1, negative energy
resistance 3, torment resistance, unbreathing
a: Channel Energy, Forget Spell, Renounce Religion


You were on level 10 of the Dungeon.
You worshipped Sif Muna.
Sif Muna was most pleased with you.
You were not hungry.

You visited 3 branches of the dungeon, and saw 13 of its levels.
You also visited: Sewer.

You collected 782 gold pieces.

Inventory:

Hand Weapons
 a - a +2 short sword of electrocution (weapon)
 b - a +1 flail of protection
 i - a +1 dagger of draining
 s - the cursed +0 dagger "Qamiedgh" {pierce, rElec Str+4 Dex+2}
   (You found it on level 7 of the Dungeon)

   It inflicts extra damage upon your enemies.
   It affects your strength (+4).
   It affects your dexterity (+2).
   It insulates you from electricity.
   It has a curse placed upon it.
Armour
 e - a +0 pair of gloves
 h - a +0 robe
 j - a +1 pair of gloves (worn)
 m - a +2 robe of cold resistance (worn)
 o - a +0 hat
 t - a +0 helmet (worn)
 w - a +0 cloak (worn)
Jewellery
 d - a ring of wizardry (left hand)
 f - a +3 ring of strength (right hand)
Wands
 p - a wand of fire (3)
Scrolls
 g - a scroll of remove curse
 l - 7 scrolls of identify
 q - 3 scrolls of enchant weapon
 v - a scroll of magic mapping
 z - a scroll of amnesia
Books
 c - a book of Minor Magic

   Spells                             Type                      Level
   a - Magic Dart                     Conjuration                  1
   b - Blink                          Translocation                2
   c - Call Imp                       Summoning                    2
   d - Repel Missiles                 Charms/Air                   2
   e - Slow                           Hexes                        2
   f - Conjure Flame                  Conjuration/Fire             3
   g - Mephitic Cloud                 Conjuration/Poison/Air       3
 n - a book of Conjurations

   Spells                             Type                      Level
   a - Magic Dart                     Conjuration                  1
   b - Searing Ray                    Conjuration                  2
   c - Dazzling Spray                 Conjuration/Hexes            3
   d - Fulminant Prism                Conjuration/Hexes            4
   e - Iskenderun's Mystic Blast      Conjuration                  4
   f - Iskenderun's Battlesphere      Conjuration/Charms           5
 u - a book of Maledictions

   Spells                             Type                      Level
   a - Corona                         Hexes                        1
   b - Ensorcelled Hibernation        Hexes/Ice                    2
   c - Confuse                        Hexes                        3
   d - Tukima's Dance                 Hexes                        3
   e - Dazzling Spray                 Conjuration/Hexes            3
 y - a book of Battle

   Spells                             Type                      Level
   a - Infusion                       Charms                       1
   b - Shroud of Golubria             Charms/Translocation         2
   c - Song of Slaying                Charms                       2
   d - Spectral Weapon                Hexes/Charms                 3
   e - Regeneration                   Charms/Necromancy            3
Miscellaneous
 x - a phantom mirror


   Skills:
 - Level 6.9 Short Blades
 - Level 2.1 Dodging
 - Level 1.5 Stealth
 + Level 8.7 Spellcasting
 + Level 5.8 Conjurations
 - Level 1.9 Hexes
 + Level 2.3 Charms
 + Level 3.2 Summonings
 + Level 2.9 Translocations
 + Level 2.7 Fire Magic
 + Level 3.0 Air Magic
 + Level 2.6 Poison Magic
 * Level 5.0 Invocations


You couldn't memorise any spells.
You knew the following spells:

 Your Spells              Type           Power        Failure   Level  Hunger
a - Magic Dart            Conj           ####         1%          1    N/A
b - Blink                 Tloc           N/A          1%          2    N/A
c - Searing Ray           Conj           ####..       1%          2    N/A
d - Conjure Flame         Conj/Fire      ####....     1%          3    N/A
e - Mephitic Cloud        Conj/Pois/Air  ####....     1%          3    N/A
f - Dazzling Spray        Conj/Hex       ####....     1%          3    N/A
g - Iskenderun's Battles  Conj/Chrm      ####....     17%         5    N/A
h - Iskenderun's Mystic   Conj           ####....     3%          4    N/A
i - Call Imp              Summ           ###.....     1%          2    N/A
k - Repel Missiles        Chrm/Air       ###...       1%          2    N/A

Dungeon Overview and Level Annotations

Branches:
Dungeon (11/15)            Temple (1/1) D:6            Lair (0/8) D:10
    Orc (1/4) D:10

Altars:
Ashenzari
Cheibriados
Dithmenos
Elyvilon
Fedhas
Gozag
Kikubaaqudgha
Makhleb
Nemelex Xobeh
Okawaru
Qazlal
Ru
Sif Muna
Trog
Vehumet
Xom
Yredelemnul
Zin
The Shining One

Shops:
D:9 *


Innate Abilities, Weirdness & Mutations

You do not eat or drink.
Your flesh is vulnerable to fire.
You are immune to poison.
Your flesh is cold resistant.
You are immune to negative energy.
You are immune to unholy pain and torment.
You can survive without breathing.


Message History

The griffon pecks you but does no damage.
The griffon claws you. The griffon bites you!
* * * LOW HITPOINT WARNING * * *
The griffon closely misses you. The griffon claws you.
* * * LOW HITPOINT WARNING * * *
Casting: Blink
Confirm with . or Enter, or press ? or * to list all spells.
You miscast Blink.
You are very lightly contaminated with residual magic.
The air around you crackles with energy!
The griffon closely misses you. x2
The griffon claws you.
* * * LOW HITPOINT WARNING * * *
Read which item? (? for menu, Esc to quit)
Blink to where?
Press: ? - help, Dir - move target cursor
As you read the scroll of blinking, it crumbles to dust.
The griffon bites you!
You die...

#..# #.## #†# ###
########.#
##.###......).###
#...###.......).#####
#>..# ###..####......
#...######.##########
#...@................
#..H###..#...####....
#...####.%........###
##§##.............##
####...######.##..##
#....# #.......
#...## #######. #...#
## #.### ###


You could see a griffon.

Vanquished Creatures
  Erolcha (D:8)
  A hill giant (D:11)
  Joseph (D:10)
  Psyche (D:8)
  A kobold demonologist (D:11)
  2 komodo dragons (D:10)
  A two-headed ogre (D:7)
  A deep elf mage (D:9)
  2 hippogriffs
  2 steam dragons
  3 soldier ants
  A water moccasin (D:9)
  7 sky beasts
  2 black bears (D:9)
  9 orc warriors
  2 ice beasts
  4 ogres
  2 phantoms
  6 centaurs
  A big kobold (D:6)
  A crocodile (Sewer)
  9 giant frogs
  2 scorpions
  3 killer bees (D:9)
  A vampire bat (D:6)
  9 wights
  A centaur zombie (D:8)
  8 crimson imps
  A giant frog zombie (D:10)
  9 orc priests
  7 hounds
  A jelly (D:5)
  2 centaur skeletons (D:6)
  4 giant frog skeletons
  14 orc wizards
  7 iguanas
  7 worker ants
  A hound zombie (D:11)
  2 hound skeletons
  11 gnolls
  3 worker ant zombies
  4 shadow imps
  21 adders
  An ooze (D:4)
  An adder skeleton (D:4)
  2 adder zombies (D:5)
  2 worms
  15 giant geckos
  40 orcs
  13 bats
  8 giant cockroaches
  10 goblins
  A hobgoblin (D:2)
  4 quokkas
  6 giant newts
  6 jackals
  A jackal zombie (D:6)
  17 kobolds
  4 rats
  A plant (D:1)
310 creatures vanquished.

Vanquished Creatures (collateral kills)
  2 killer bees (D:9)
2 creatures vanquished.

Vanquished Creatures (others)
  8 fungi (D:6)
8 creatures vanquished.

Grand Total: 320 creatures vanquished

Notes
Turn   | Place    | Note
--------------------------------------------------------------
     0 | D:1      | Khazaran the Mummy Wizard began the quest for the Orb.
     0 | D:1      | Reached XP level 1. HP: 13/13 MP: 4/4
   114 | D:1      | Reached skill level 1 in Conjurations
   547 | D:1      | Reached XP level 2. HP: 19/19 MP: 1/6
  1517 | D:2      | Reached XP level 3. HP: 17/24 MP: 7/7
  1919 | D:3      | Reached skill level 1 in Short Blades
  1919 | D:3      | Reached XP level 4. HP: 12/30 MP: 1/9
  3045 | D:4      | Found a shimmering altar of Xom.
  3045 | D:4      | Noticed a phantom
  3045 | D:4      | Noticed an ogre
  3069 | D:3      | Learned a level 3 spell: Mephitic Cloud
  3072 | D:4      | Reached XP level 5. HP: 32/35 MP: 6/10
  3078 | D:4      | Killed an ogre
  3292 | D:4      | Learned a level 3 spell: Conjure Flame
  3338 | D:4      | Killed a phantom
  3338 | D:4      | Reached skill level 4 in Short Blades
  3338 | D:4      | Reached XP level 6. HP: 31/41 MP: 1/11
  3343 | D:4      | Found a glowing drain.
  3362 | Sewer    | Entered a sewer
  3565 | Sewer    | Learned a level 2 spell: Repel Missiles
  3568 | Sewer    | Learned a level 2 spell: Blink
  3704 | D:4      | Reached skill level 5 in Short Blades
  3909 | D:4      | Reached XP level 7. HP: 46/46 MP: 12/12
  4148 | D:5      | Entered Level 5 of the Dungeon
  4331 | D:5      | Found a snail-covered altar of Cheibriados.
  4403 | D:5      | Reached skill level 5 in Spellcasting
  4432 | D:5      | Found a radiant altar of Vehumet.
  4844 | D:5      | Reached XP level 8. HP: 52/52 MP: 15/15
  4939 | D:6      | Found a shattered altar of Ashenzari.
  5684 | D:6      | Reached skill level 6 in Spellcasting
  6113 | D:6      | Found a staircase to the Ecumenical Temple.
  6217 | Temple   | Entered the Ecumenical Temple
  7169 | D:6      | Reached skill level 7 in Spellcasting
  7274 | D:6      | Reached XP level 9. HP: 41/57 MP: 3/19
  7278 | D:6      | Learned a level 2 spell: Searing Ray
  8676 | D:7      | Found a deep blue altar of Sif Muna.
  8676 | D:7      | Noticed a two-headed ogre
  8744 | D:7      | Got an ichor-stained dagger
  8750 | D:6      | Identified the cursed +0 dagger "Qamiedgh" {pierce, rElec Str+4 Dex+2} (You found it on level 7 of the Dungeon)
  8759 | D:7      | Found a stormy altar of Qazlal.
  9469 | D:7      | Killed a two-headed ogre
  9469 | D:7      | Reached skill level 8 in Spellcasting
  9701 | D:7      | Found an iron altar of Okawaru.
  9704 | D:7      | Became a worshipper of Sif Muna the Loreminder
  9787 | D:7      | Reached skill level 1 in Invocations
  9823 | D:7      | Found a burning altar of Makhleb.
  9823 | D:7      | Found a shimmering altar of Xom.
  9887 | D:7      | Found a glowing silver altar of Zin.
  9993 | D:8      | Learned a level 3 spell: Dazzling Spray
  9999 | D:8      | Learned a level 5 spell: Iskenderun's Battlesphere
 10002 | D:8      | Learned a level 2 spell: Call Imp
 10152 | D:8      | Reached skill level 1 in Translocations
 10450 | D:8      | Noticed Erolcha
 10507 | D:8      | Killed Erolcha
 10507 | D:8      | Reached * piety under Sif Muna
 10507 | D:8      | Reached skill level 5 in Conjurations
 10507 | D:8      | Reached skill level 1 in Hexes
 10507 | D:8      | Reached skill level 1 in Charms
 10507 | D:8      | Reached skill level 1 in Summonings
 10507 | D:8      | Reached skill level 1 in Fire Magic
 10507 | D:8      | Reached skill level 1 in Air Magic
 10507 | D:8      | Reached skill level 1 in Poison Magic
 10507 | D:8      | Reached XP level 10. HP: 49/63 MP: 0/22
 10822 | D:8      | Found a sparkling altar of Nemelex Xobeh.
 10823 | D:8      | Found an opulent altar of Gozag.
 11145 | D:8      | Noticed Psyche
 11162 | D:8      | Killed Psyche
 11491 | D:8      | Reached ** piety under Sif Muna
 11811 | D:9      | Found a sparkling altar of Nemelex Xobeh.
 12139 | D:9      | Found a glowing golden altar of the Shining One.
 12352 | D:9      | Found Hedumoh's General Store.
 12619 | D:10     | Entered Level 10 of the Dungeon
 12962 | D:10     | Noticed Joseph
 13022 | D:10     | Killed Joseph
 13022 | D:10     | Reached *** piety under Sif Muna
 13338 | D:10     | Reached XP level 11. HP: 29/68 MP: 17/23
 13644 | D:10     | Found a staircase to the Lair.
 14362 | D:10     | Learned a level 4 spell: Iskenderun's Mystic Blast
 14468 | D:10     | Found a staircase to the Orcish Mines.
 14477 | Orc:1    | Entered Level 1 of the Orcish Mines
 15105 | D:11     | Noticed an eight-headed hydra
 15105 | D:11     | Noticed a hill giant
 15384 | D:11     | Noticed a hill giant
 15398 | D:11     | Killed a hill giant
 15398 | D:11     | Reached skill level 5 in Invocations
 15554 | D:10     | Mangled by a griffon

Action                   |  1- 3 |  4- 6 |  7- 9 | 10-12 || total
-------------------------+-------+-------+-------+-------++-------
Melee: Short sword       |    83 |   138 |   366 |   243 ||   830
       Unarmed           |     8 |       |       |       ||     8
       Dagger            |       |    17 |    41 |    14 ||    72
       Flail             |       |       |     3 |       ||     3
 Cast: Magic Dart        |    38 |     9 |    62 |    24 ||   133
       Mephitic Cloud    |       |     8 |    27 |    94 ||   129
       Conjure Flame     |       |     1 |     9 |    22 ||    32
       Blink             |       |       |     9 |     8 ||    17
       Searing Ray       |       |       |    12 |    21 ||    33
       Repel Missiles    |       |       |     4 |     3 ||     7
       Dazzling Spray    |       |       |       |     8 ||     8
       Call Imp          |       |       |       |     1 ||     1
       Iskenderun's Myst |       |       |       |    53 ||    53
       Iskenderun's Batt |       |       |       |     2 ||     2
Invok: Channel Energy    |       |       |       |   288 ||   288
Evoke: Wand              |       |       |     3 |     1 ||     4
  Use: Scroll            |       |     9 |     3 |     7 ||    19
 Stab: Confused          |       |     1 |     2 |    17 ||    20
       Sleeping          |       |       |     3 |     3 ||     6
       Distracted        |       |       |       |     1 ||     1
